 Dungeon Crawl Stone Soup version 0.20.1-1-g8b1a95d (webtiles) character file.

88 empire the Skirmisher (level 4, -8/40 HPs)
             Began as a Draconian Monk on July 27, 2017.
             Was a Believer of Dithmenos.
             Mangled by a worm (18 damage)
             ... on level 3 of the Dungeon.
             The game lasted 00:04:47 (1868 turns).

empire the Skirmisher (Draconian Monk)              Turns: 1868, Time: 00:04:48

Health: -8/40      AC:  2    Str: 15    XL:     4   Next: 30%
Magic:  4/4        EV: 13    Int: 10    God:    Dithmenos [**....]
Gold:   101        SH:  0    Dex: 13    Spells: 3/3 levels left

rFire    . . .     SeeInvis .   b - +5 short sword
rCold    . . .     Gourm    .   (no shield)
rNeg     . . .     Faith    .   (armour unavailable)
rPois    .         Spirit   .   (helmet restricted)
rElec    .         Reflect  .   (no cloak)
rCorr    .         Harm     .   (no gloves)
MR       .....     Rnd*Tele +   (no boots)
Stlth    ++........             (no amulet)
Regen    0.2/turn               c - -3 ring of protection (curse)
MPRegen  0.1/turn               i - ring of teleportation (curse)

@: wreathed by umbra
A: unfitting armour, cold-blooded, AC +5
a: Shadow Step, Renounce Religion


You were on level 3 of the Dungeon.
You worshipped Dithmenos.
Dithmenos was pleased with you.
You were very hungry.

You visited 1 branch of the dungeon, and saw 3 of its levels.

You collected 101 gold pieces.

Inventory:

Hand Weapons
 a - a +0 falchion
 b - a +5 short sword (weapon)
Magical Staves
 k - a cursed staff of poison
Jewellery
 c - a cursed -3 ring of protection (left hand)
 i - a cursed ring of teleportation (right hand)
Scrolls
 d - a scroll of magic mapping
 f - a scroll of teleportation
 g - 3 scrolls of identify
 h - a scroll of enchant weapon
Comestibles
 e - 3 bread rations
 j - 3 chunks of flesh


   Skills:
 + Level 4.1 Fighting
 + Level 1.4(2.5) Short Blades
 - Level 3.3(3.4) Long Blades
 + Level 3.4 Dodging
 + Level 2.1 Stealth


You had 3 spell levels left.
You didn't know any spells.

Dungeon Overview and Level Annotations

Branches:
Dungeon (3/15)

Altars:
Dithmenos
Elyvilon
Nemelex Xobeh
Trog


Innate Abilities, Weirdness & Mutations

Your plain brown scales are hard. (AC +5)
You cannot fit into any form of body armour.
You are cold-blooded and may be slowed by cold attacks.


Message History

The moth of wrath goads the worm on!
The worm goes berserk!
The worm bites you!
You puncture the worm!
You kill the worm!
Dithmenos accepts your kill.
Unknown command.
You hit the rat.
You kill the rat!
Dithmenos accepts your kill. The rat closely misses you.
You see here a rat corpse.
You closely miss the rat. The rat closely misses you.
You closely miss the rat.
The moth of wrath goads the worm on!
The worm goes berserk!
The moth of wrath goads the rat on!
The rat goes berserk!
The rat bites you. The worm bites you!
* * * LOW HITPOINT WARNING * * *
You puncture the rat!
You kill the rat!
Dithmenos accepts your kill. The worm bites you!!
You die...

#####
##....###
##......)##
#.......).#
#....#.@w.#
#...###.w..#
+...#y#._..#
#...###....#
#....#...)##
#.........#
##......)##
##....###


You could see a moth of wrath and 2 worms.

Vanquished Creatures
  2 adders (D:2)
  A worm (D:3)
  2 dart slugs (D:1)
  A leopard gecko (D:1)
  An orc (D:3)
  12 bats
  6 giant cockroaches
  5 goblins
  10 hobgoblins
  A jackal (D:1)
  A quokka (D:2)
  A ball python (D:1)
  4 frilled lizards
  5 kobolds
  5 rats
57 creatures vanquished.

Notes
Turn   | Place    | Note
-------+----------+-------------------------------------------
     0 | D:1      | empire the Draconian Monk began the quest for the Orb.
     0 | D:1      | Reached XP level 1. HP: 19/19 MP: 1/1
    51 | D:1      | Reached XP level 2. HP: 26/26 MP: 2/2
   551 | D:1      | Reached XP level 3. HP: 15/33 MP: 3/3
  1154 | D:2      | Found a shadowy altar of Dithmenos.
  1177 | D:2      | Became a worshipper of Dithmenos the Shadowed
  1177 | D:2      | Reached * piety under Dithmenos
  1177 | D:2      | Reached ** piety under Dithmenos
  1233 | D:2      | Reached skill level 1 in Short Blades
  1367 | D:2      | Found a white marble altar of Elyvilon.
  1427 | D:2      | Found a faded altar of an unknown god.
  1445 | D:2      | Reached skill level 4 in Fighting
  1498 | D:2      | Reached XP level 4. HP: 40/40 MP: 4/4
  1763 | D:2      | Found a sparkling altar of Nemelex Xobeh.
  1861 | D:3      | Found a bloodstained altar of Trog.
  1862 | D:3      | Noticed a moth of wrath
  1868 | D:3      | Mangled by a worm

Skill      XL: |  1  2  3  4 |
---------------+-------------+-----
Dodging        | 3 |  3.4
Short Blades   | 1 |  1.4
Fighting       | 4 |  4.1
Stealth        | 2 |  2.1
Long Blades    | |  3.3

Action                   |  1- 3 |  4- 6 || total
-------------------------+-------+-------++-------
Melee: Falchion          |    48 |       ||    48
       Tailslap          |     9 |     2 ||    11
       Short sword       |    70 |    17 ||    87
  Use: Scroll            |     1 |     5 ||     6
 Stab: Sleeping          |     4 |     2 ||     6
  Eat: Chunk             |     2 |       ||     2
Armor: Skin              |    43 |     2 ||    45
Dodge: Dodged            |   123 |    10 ||   133
       Rpst.: Falchion   |    16 |       ||    16
